 Dungeon Crawl Stone Soup version 0.29-a0-512-gf59ac788ac (webtiles) character file.

Game seed: 14549936697265197809

36 ytrimaz the Skirmisher (level 3, -4/29 HPs)
             Began as a Demonspawn Fighter on May 29, 2022.
             Killed by nerve-wracking pain
             ... invoked by Jessica
              (8 damage)
             ... on level 2 of the Dungeon.
             The game lasted 00:02:02 (1570 turns).

ytrimaz the Skirmisher (Demonspawn Fighter)         Turns: 1570, Time: 00:02:02

Health: -4/29      AC:  6    Str: 18    XL:     3   Next: 19%
Magic:  3/3        EV:  9    Int:  9    God:
Gold:   36         SH:  4    Dex: 12    Spells: 2/2 levels left

rFire   . . .      SeeInvis .   a - +1 rapier
rCold   . . .      Faith    .   c - +0 buckler
rNeg    . . .      Spirit   .   b - +0 scale mail
rPois   .          Reflect  .   (no helmet)
rElec   .          Harm     .   (no cloak)
rCorr   .          Rampage  .   (no gloves)
Will    .....                   (no boots)
Stlth   ..........              (no amulet)
HPRegen 0.09/turn               (no ring)
MPRegen 0.08/turn               (no ring)

@: slowed, very slow
A: claws 2
a: no special abilities


You were on level 2 of the Dungeon.
You visited 1 branch of the dungeon, and saw 2 of its levels.

You collected 36 gold pieces.

Inventory:

Hand Weapons
 a - a +1 rapier (weapon)
Armour
 b - a +0 scale mail (worn)
 c - a +0 buckler (worn)
Scrolls
 g - 2 scrolls of identify
 h - a scroll of blinking {unknown}
Potions
 d - 2 potions of might
 e - a potion of lignification {unknown}
 f - a potion of curing
 i - 2 potions of invisibility {unknown}


   Skills:
 + Level 3.4 Fighting
 - Level 1.9 Short Blades
 - Level 2.6 Armour
 * Level 3.3 Shields
 * Level 0.5 Unarmed Combat


You had 2 spell levels left.
You didn't know any spells.
Your spell library was empty.

Dungeon Overview and Level Annotations

Branches:
Dungeon (2/15)

Altars:

Shops:
D:1 (

Annotations:
D:2 Jessica


Innate Abilities, Weirdness & Mutations

You have very sharp fingernails.


Message History

Jessica points at you and mumbles some strange words.
You feel yourself slow down.
The ball python bites you but does no damage.
The ball python constricts you.
You puncture the ball python!
You kill the ball python!
Jessica casts a spell at you.
You feel as though you will be slow longer.
You barely miss Jessica.
Jessica is heavily wounded.
Jessica closely misses you.
Jessica points at you and mumbles some strange words.
Pain shoots through your body! Jessica closely misses you.
You closely miss Jessica.
Jessica is heavily wounded.
Jessica hits you with a +0 dagger.
* * * LOW HITPOINT WARNING * * *
Jessica barely misses you.
You hit Jessica but do no damage.
Jessica is heavily wounded.
Jessica hits you but does no damage. You block Jessica's attack.
Jessica barely misses you.
You hit Jessica but do no damage.
Jessica is heavily wounded.
Jessica hits you with a +0 dagger.
* * * LOW HITPOINT WARNING * * *
Jessica barely misses you.
You barely miss Jessica.
Jessica is moderately wounded.
You block Jessica's attack. Jessica hits you but does no damage.
Jessica barely misses you.
You hit Jessica.
Jessica is almost dead.
Jessica hits you but does no damage. x2; Jessica hits you with a +0 dagger.
* * * LOW HITPOINT WARNING * * *
You hit Jessica but do no damage.
Jessica is severely wounded.
Jessica points at you and mumbles some strange words.
Pain shoots through your body!
You die...

#. ... .. . #.##. #
.#..#. .## ......
########.. .#
#...#### #.......#
..###.....###...$...#
...#..#....#.......#
#..#...#......@...#
#.#..###.....@...#
#..>.# #.........#
####....#
##.........#
........##
###>........
#####....#
....#####.. ##...#.#
#.##... #.. ##......#
#.##### .. ##.......#
.#


You could see Jessica (fast).

Vanquished Creatures
  3 dart slugs
  4 ball pythons
  2 endoplasms (D:1)
  A giant cockroach (D:1)
  3 hobgoblins
  3 jackals (D:2)
  2 quokkas (D:1)
  A bat (D:1)
  2 frilled lizards
  3 goblins
  2 kobolds (D:1)
  2 rats
28 creatures vanquished.

Notes
Turn   | Place    | Note
-------+----------+-------------------------------------------
     0 | D:1      | ytrimaz the Demonspawn Fighter began the quest for the Orb.
     0 | D:1      | Reached XP level 1. HP: 18/18 MP: 1/1
   132 | D:1      | Found Nad Ynt's Weapon Emporium.
   400 | D:1      | Gained mutation: You have sharp fingernails. [demonic
                  | ancestry]
   400 | D:1      | Reached XP level 2. HP: 12/24 MP: 2/2
  1433 | D:2      | Gained mutation: You have very sharp fingernails. [demonic
                  | ancestry]
  1433 | D:2      | Reached XP level 3. HP: 28/29 MP: 3/3
  1551 | D:2      | Noticed Jessica
  1570 | D:2      | Killed from afar by Jessica

Illustrated notes

Levels and vault maps discovered:
D:1:      lemuel_arrival_funnel, layout_loops_corners, serial_shops, shop
D:2:      layout_rooms, uniq_jessica, uniq_robin

Skill      XL: |  1 |
---------------+----+-----
Shields        | 3 |  3.3
Fighting       | |  3.4
Short Blades   | |  1.9
Armour         | |  2.6
Unarmed Combat | |  0.5

Action                   || total
-------------------------++-------
Melee: Rapier            ||   107
  Use: Scroll            ||     4
Armor: Scale mail        ||    53
Dodge: Dodged            ||    38
Block: Buckler           ||    23

Table legend: (Time is in decaauts)
 A = Elapsed time spent in this place.
 B = Non-inter-level travel time spent in this place.
 C = Inter-level travel time spent in this place.
 D = Time resting spent in this place.
 E = Time spent auto-exploring this place.
 F = Levels seen in this place.
 G = Mean time per level.
                   A        B        C        D        E       F      G
               +--------+--------+--------+--------+--------+-----+--------+
         Total |   1590 |   1526 |     64 |      0 |   1285 |   2 |  795.0 |
       Dungeon |   1590 |   1526 |     64 |      0 |   1285 |   2 |  795.0 |
               +--------+--------+--------+--------+--------+-----+--------+

Top non-repeatable levels by time:
     D:1: 1430 daAuts
     D:2: 160 daAuts
